 Dungeon Crawl Stone Soup version 0.25.1-1-g288607f (webtiles) character file.

Game seed: 8325315073245102143

165 CamaradaPosadas the Chiller (level 5, -2/38 HPs)
             Began as a Ghoul Ice Elementalist on July 22, 2020.
             Slain by a worker ant (6 damage)
             ... on level 4 of the Dungeon.
             The game lasted 00:03:46 (4260 turns).

CamaradaPosadas the Chiller (GhIE)                  Turns: 4260, Time: 00:03:46

Health: -2/38      AC:  2    Str: 12    XL:     5   Next: 46%
Magic:  0/8        EV: 12    Int: 11    God:
Gold:   117        SH:  0    Dex:  9    Spells: 1/9 levels left

rFire    . . .     SeeInvis .   x - +0 trident
rCold    + . .     Gourm    .   (no shield)
rNeg     + + +     Faith    .   a - +0 robe
rPois    ∞         Spirit   +   (no helmet)
rElec    .         Reflect  .   (no cloak)
rCorr    .         Harm     .   (no gloves)
MR       .....                  (no boots)
Stlth    ++........             z - amulet of guardian spirit
HPRegen  0.00/turn              (no ring)
MPRegen  0.11/turn              (no ring)

@: rotting
A: rotting body, claws 1, carnivore, cold resistance 1, negative energy
resistance 3, inhibited regeneration, torment resistance, unbreathing
a: no special abilities


You were on level 4 of the Dungeon.
You were not hungry.

You visited 1 branch of the dungeon, and saw 4 of its levels.

You collected 117 gold pieces.

Inventory:

Hand Weapons
 e - a +0 spear
 x - a +0 trident (weapon)
Armour
 a - a +0 robe (worn)
Magical Staves
 k - an uncursed staff of death
Jewellery
 b - an uncursed ring of protection from magic {unknown}
 j - a +4 ring of protection {unknown}
 t - an uncursed ring of magical power {unknown}
 z - an amulet of guardian spirit (around neck)
Wands
 w - a wand of digging (5)
Scrolls
 d - a scroll of immolation {unknown}
 g - a scroll of fog {unknown}
 i - 3 scrolls of identify {unknown}
 l - 4 scrolls of remove curse {unknown}
 n - a scroll of teleportation {unknown}
 o - 4 scrolls of magic mapping {unknown}
 q - a scroll of blinking {unknown}
 r - a scroll of fear {unknown}
 y - a scroll of enchant weapon {unknown}
Potions
 f - 2 potions of haste {unknown}
 h - 3 potions of heal wounds {unknown}
 m - a potion of ambrosia {unknown}
 p - a potion of cancellation {unknown}
 s - a potion of stabbing {unknown}
 u - a potion of resistance {unknown}
 v - a potion of curing {unknown}
Comestibles
 c - 8 rations


   Skills:
 - Level 1.7 Dodging
 - Level 2.1 Stealth
 + Level 2.8 Spellcasting
 * Level 1.1 Summonings
 * Level 6.2 Ice Magic


You had one spell level left.
You knew the following spells:

 Your Spells              Type           Power        Failure   Level  Hunger
a - Freeze                Ice            ###.         1%          1    #......
b - Frozen Ramparts       Ice            ###...       6%          3    ###....
c - Summon Ice Beast      Ice/Summ       #.......     50%         4    #####..

Your spell library contained the following spells:

 Spells                   Type           Power        Failure   Level  Hunger
 Ozocubu's Armour         Chrm/Ice       #.......     22%         3    ###....
 Hailstorm                Conj/Ice       #.......     58%         4    #####..


Dungeon Overview and Level Annotations

Branches:
Dungeon (4/15)
 Temple: D:4-7

Altars:
Elyvilon


Innate Abilities, Weirdness & Mutations

Your body is rotting away.
You thrive on raw meat.
You are immune to poison.
You have sharp fingernails.
You are carnivorous and can eat meat at any time.
Your flesh is cold resistant. (rC+)
You are immune to negative energy. (rN+++)
You do not regenerate when monsters are visible.
You are immune to unholy pain and torment.
You can survive without breathing.


Message History

Confirm with . or Enter, or press ? or * to list all spells.
Aiming: Freeze (safe; 1% risk of failure)
Press: ? - help, Shift-Dir - straight line, f - worker ant
Aim: a worker ant (lightly wounded)
You freeze the worker ant!
The worker ant is heavily wounded.
The worker ant bites you.
* * * LOW HITPOINT WARNING * * *
The worker ant closely misses you.
Casting: Freeze (safe; 1% risk of failure)
Confirm with . or Enter, or press ? or * to list all spells.
Aiming: Freeze (safe; 1% risk of failure)
Press: ? - help, Shift-Dir - straight line, f/p - worker ant
Aim: a worker ant (heavily wounded)
You freeze the worker ant.
The worker ant is heavily wounded.
The hound barks!
The worker ant closely misses you. The worker ant bites you.
You die...

....# # .... . #.!. . #.
# ##... ..#.# ##.....
<...##########..##.#####.
# #......................
....###...#....# #<#
#...h...a@.######$###
....########.......)..# .
#......##.#.#
#........#.#...
#...........# #.#
#......<...## .#
#..........# .
#..........# #
#.)........#


You could see a hound and a worker ant.

Vanquished Creatures
  Terence (D:3)
  Jessica (D:2)
  2 gnolls
  4 adders
  A dart slug (D:1)
  4 leopard geckos
  5 giant cockroaches (D:1)
  7 hobgoblins
  2 jackals (D:1)
  3 kobolds
  2 quokkas (D:3)
  7 bats (D:1)
  4 frilled lizards
  5 goblins
  5 rats
53 creatures vanquished.

Notes
Turn   | Place    | Note
-------+----------+-------------------------------------------
     0 | D:1      | CamaradaPosadas the Ghoul Ice Elementalist began the quest
                  | for the Orb.
     0 | D:1      | Reached XP level 1. HP: 14/14 MP: 2/2
   372 | D:1      | Reached XP level 2. HP: 20/20 MP: 1/3
   600 | D:1      | Reached skill level 5 in Ice Magic
   788 | D:1      | You fall into a shaft and drop 1 floor!
   795 | D:2      | Reached XP level 3. HP: 23/26 MP: 1/5
  1320 | D:2      | Noticed Jessica
  1326 | D:2      | Killed Jessica
  1326 | D:2      | Reached XP level 4. HP: 33/33 MP: 3/6
  3085 | D:2      | Learned a level 3 spell: Frozen Ramparts
  3090 | D:2      | Learned a level 4 spell: Summon Ice Beast
  3276 | D:3      | Reached skill level 6 in Ice Magic
  3446 | D:3      | Found a white marble altar of Elyvilon.
  3503 | D:3      | Reached XP level 5. HP: 33/37 MP: 6/8
  3730 | D:3      | Noticed Terence
  3737 | D:3      | Killed Terence
  3971 | D:3      | Reached skill level 1 in Summonings
  4260 | D:4      | Slain by a worker ant

Illustrated notes

Levels and vault maps discovered:
D:1:      dpeg_arrival_snail, layout_basic, st_stairs_3, chequers_avenue
D:2:      layout_basic, first_ration, uniq_jessica
D:3:      layout_rooms, elyvilon_altar_3, uniq_terence
D:4:      layout_rooms, minmay_quantized

Skill      XL: |  1  2  3  4  5 |
---------------+----------------+-----
Spellcasting   | 2 |  2.8
Ice Magic      | 5 6 |  6.2
Summonings     | 1 |  1.1
Dodging        | |  1.7
Stealth        | |  2.1

Action                   |  1- 3 |  4- 6 || total
-------------------------+-------+-------++-------
Melee: Spear             |    66 |   108 ||   174
       Trident           |       |    12 ||    12
 Cast: Freeze            |    28 |    29 ||    57
       Frozen Ramparts   |       |     2 ||     2
 Stab: Sleeping          |     1 |     1 ||     2
  Eat: Chunk             |     2 |    12 ||    14
Armor: Robe              |    17 |    22 ||    39
Dodge: Dodged            |    51 |    96 ||   147
